AoeStats
← banana in borderland

Arabia

505607432Analyzed
1v1 RM · 23d ago on Sep 10, 2026· 47m 35s· 2 players
Game mode
Random Map
Map size
Tiny (2 player)
Population
200
Speed
Normal
Resources
Standard
Victory
Conquest
Starting age
Dark Age
Ending age
Imperial Age
RankedLock teamsTeams togetherTeam positionsShared explorationLock speedFull tech treeHidden civsTurbo modeCheats
Victory
Defeat
🇹🇼 Burmese · Taiwan
1179
+14
🇦🇷 Saracens · Argentina
1131
-14
banana in borderland
2:37 Loom
11:38 Feudal Age
12:21 Double-Bit Axe
16:26 Fletching
21:08 Horse Collar
25:26 Stone Mining
29:28 Castle Age
28:45 Forging
33:24 Gold Mining
34:35 Wheelbarrow
38:56 Heavy Plow
39:24 Bimaristan
45:05 Husbandry
eric_liu
7:19 Loom
9:50 Feudal Age
9:52 Man-at-Arms
12:57 Horse Collar
15:58 Gold Mining
24:35 Castle Age
24:13 Bloodlines
33:10 Fletching
33:39 Heavy Plow
33:53 Town Watch
33:37 Pikeman
37:30 Squires
38:22 Scale Mail Armor
42:50 Wheelbarrow
43:40 Forging
47:48 Imperial Age
45:57 Fervor
46:07 Sanctity
Connection lost

Rejoining the realm…

Still unreachable

The connection could not be restored.

Session expired

The server has moved on; the page needs a fresh start.